Map: Turbo Cruise '84 LE

Players

NerdRage

  • Race: Terran Terran
  • League: Platinum
  • Spawn Location: 3:00

PeLLy - Winner!

  • Race: Zerg Zerg
  • League: Diamond
  • Spawn Location: 7:00

VOD

Have the link to the VOD?

Description

Time

  • Played on: Aug. 1, 2019, 4:31 p.m.
  • Length: 15:35
Show
View Real Time Build Order
Export as new Build Order

NerdRage Terran 

Build Orders: Hellion Opening 

Get SALT Encoding   

  12  0:01  SCV  
  13  0:13  SCV  
  14  0:23  Supply Depot  
  14  0:25  SCV  
  15  0:40  Refinery  
  15  0:45  SCV  
  15  0:46  Barracks  
  16  0:59  SCV  
  17  1:11  Refinery  
  17  1:15  SCV  
  18  1:27  SCV  
  19  1:39  SCV  
  20  1:40  Factory  
  20  1:47  Supply Depot  
  20  1:50  Barracks Reactor  
  20  1:51  SCV  
  21  2:03  SCV  
  22  2:18  Orbital Command  
  22  2:33  Hellion  
  22  2:34  Hellion  
  26  2:42  Supply Depot  
  26  2:45  Barracks Tech Lab  
  26  2:55  Hellion x2  
  30  3:14  Command Center  
  30  3:20  Supply Depot  
  30  3:42  Marine  
  30  3:43  Hellion x2  
  35  4:00  Marauder  
  35  4:01  Barracks  
  35  4:04  Hellion  
  35  4:07  Hellion  
  39  4:19  Starport  
  39  4:32  Orbital Command  
  40  4:38  SCV  
  39  4:55  Supply Depot  
  39  4:57  Barracks Reactor  
  39  5:04  SCV  
  40  5:08  SCV  
  41  5:16  SCV  
  41  5:17  Supply Depot, Stimpack, Starport Reactor  
  41  5:20  SCV  
  41  5:21  Supply Depot  
  43  5:28  SCV  
  44  5:30  Armory  
  44  5:39  SCV  
  44  5:40  SCV  
  46  5:43  Supply Depot  
  46  5:54  Marine x2  
  46  5:56  SCV x2  
  50  6:05  Command Center  
  50  6:14  Medivac x2, Refinery  
  54  6:20  Engineering Bay  
  54  6:26  Liberator  
  54  6:27  Liberator  
  54  6:39  Widow Mine x2  
  57  6:46  Marauder  
  65  6:47  Marine  
  65  6:48  Marine  
  67  7:05  Marine x2  
  67  7:07  Marauder  
  71  7:21  SCV  
  71  7:22  SCV  
  73  7:23  Marine  
  73  7:28  Factory  
  73  7:29  Refinery  
  74  7:34  SCV x2  
  76  7:39  Marine  
  76  7:40  Marauder  
  76  7:41  Hellbat x2, Marine  
  84  7:45  Medivac  
  84  7:46  SCV x2, Medivac  
  90  7:52  Supply Depot  
  90  7:54  Engineering Bay  
  90  7:57  Terran Infantry Weapons Level 1  
  78  8:32  Planetary Fortress  
  78  8:33  Liberator x2  
  78  8:37  SCV  
  78  8:41  Factory Tech Lab  
  79  8:45  Barracks  
  79  8:46  Terran Infantry Armor Level 1  
  85  9:00  SCV x2  
  87  9:03  Supply Depot  
  87  9:06  Marauder  
  87  9:07  Concussive Shells  
  89  9:12  SCV x2, Siege Tank  
  94  9:26  Refinery  
  94  9:37  Barracks  
  94  9:42  Viking x2  
  94  9:44  Cyclone  
  98  9:49  Combat Shield  
  90  9:56  Command Center  
  77  10:06  SCV x2  
  77  10:07  SCV  
  69  10:16  Cyclone  
  69  10:18  SCV x2  
  71  10:22  SCV  
  72  10:30  SCV  
  72  10:31  SCV  
  72  10:32  Barracks Tech Lab  
  72  10:33  Barracks Tech Lab, Starport  
  72  10:34  SCV  
  75  10:41  Missile Turret  
  75  10:43  Supply Depot, SCV  
  75  10:44  SCV  
  75  10:46  SCV  
  78  10:55  SCV  
  78  10:56  Marauder  
  78  10:57  Marine, Marauder x2  
  85  11:00  Factory Tech Lab  
  86  11:06  Supply Depot, Missile Turret x2  
  86  11:07  SCV x3  
  88  11:19  SCV  
  87  11:30  Supply Depot, Missile Turret  
  77  11:47  SCV x3  
  77  11:53  Marine x3  
  77  11:54  Marauder x2, Command Center  
  85  11:59  SCV  
  86  12:05  Starport Tech Lab  
  86  12:11  Marine x2  
  86  12:12  Marauder  
  86  12:15  Marauder  
  92  12:19  Refinery  
  92  12:29  Refinery  
  92  12:32  Marine  
  92  12:33  Marauder x2, Marine  
  92  12:34  Hellion  
  92  12:36  Marine  
  98  12:54  Marauder, Marine x2  
  98  12:55  Marauder x2  
  106  13:03  Terran Infantry Weapons Level 2  
  106  13:12  Marine x2  
  108  13:14  SCV x3  
  108  13:16  Marauder  
  113  13:23  Missile Turret  
  108  13:58  Marine x3  
  108  13:59  Marauder x2  
  115  14:16  Marine  
  118  14:17  Marauder  
  118  14:20  Marauder  
  120  14:26  Marine  
  120  14:27  Marauder  
  123  14:34  Planetary Fortress, Marine  
  126  14:38  Marauder  
  126  14:41  Marine  
  127  14:46  SCV x2  
  127  14:48  SCV, Marauder  
  129  14:58  SCV  
  72  15:15  Marine x3  
Show
View Real Time Build Order
Export as new Build Order

PeLLy Zerg - Winner!

Build Orders: Hatch First 

Get SALT Encoding   

  12  0:00  Drone  
  13  0:13  Overlord  
  13  0:20  Drone  
  14  0:31  Drone x2  
  16  0:36  Drone  
  17  0:53  Hatchery  
  17  0:56  Drone  
  17  1:00  Drone  
  18  1:14  Spawning Pool  
  17  1:21  Drone x2  
  17  1:22  Extractor  
  18  1:28  Drone  
  19  1:39  Overlord  
  19  1:53  Drone  
  20  2:03  Drone  
  21  2:10  Drone  
  21  2:11  Queen x2  
  21  2:12  Drone  
  27  2:21  Drone  
  28  2:23  Zergling x2  
  28  2:27  Metabolic Boost  
  28  2:29  Zergling x2  
  30  2:34  Zergling x2  
  31  2:38  Drone  
  32  2:55  Queen  
  34  3:01  Drone x2  
  34  3:02  Overlord x2  
  35  3:14  Evolution Chamber x2  
  35  3:17  Roach Warren  
  32  3:42  Drone x8  
  32  3:43  Roach Warren  
  37  3:58  Roach  
  37  3:59  Roach x2  
  43  4:04  Overlord  
  43  4:05  Roach  
  43  4:06  Roach  
  47  4:14  Drone  
  47  4:15  Drone x3  
  51  4:17  Extractor  
  51  4:19  Lair, Extractor  
  49  4:36  Zerg Missile Weapons Level 1  
  49  4:45  Drone x5  
  54  4:58  Overlord x3  
  54  5:29  Roach  
  54  5:30  Roach x4  
  64  5:37  Glial Reconstitution  
  64  5:39  Hatchery  
  64  5:40  Zerg Melee Weapons Level 1  
  63  5:43  Drone x7  
  70  5:51  Infestation Pit  
  70  5:55  Roach  
  70  5:56  Roach  
  73  6:04  Roach  
  73  6:07  Tunneling Claws  
  75  6:30  Drone x2, Extractor  
  76  6:36  Overlord x3  
  76  6:44  Overlord  
  76  6:45  Overlord x3  
  76  6:47  Zerg Missile Weapons Level 2  
  76  6:53  Drone x6  
  82  6:59  Queen  
  84  7:08  Roach x7  
  92  7:15  Baneling Nest  
  97  7:22  Spore Crawler, Spine Crawler  
  96  7:23  Spore Crawler, Spine Crawler  
  96  7:25  Spore Crawler  
  92  7:34  Hive  
  92  7:36  Pneumatized Carapace  
  92  7:43  Roach x4, Burrow  
  92  7:44  Roach x3  
  106  7:46  Overlord x3  
  106  7:58  Hydralisk Den  
  106  8:00  Spore Crawler  
  106  8:01  Spore Crawler  
  95  8:39  Drone x3  
  98  9:00  Drone x2  
  98  9:01  Drone x2  
  98  9:02  Roach x11  
  126  9:03  Roach  
  126  9:07  Zerg Missile Weapons Level 3  
  126  9:08  Zerg Melee Weapons Level 2  
  126  9:16  Queen  
  126  9:20  Drone  
  126  9:21  Drone x5  
  126  9:24  Roach x9  
  134  9:30  Roach x7  
  134  9:34  Roach x11  
  132  9:55  Hydralisk x6  
  132  9:56  Hydralisk x5  
  124  10:23  Hydralisk x4  
  124  10:24  Hydralisk x4  
  140  10:30  Baneling Nest  
  140  10:35  Extractor x2  
  137  10:37  Baneling  
  137  10:57  Hydralisk x5  
  137  10:58  Roach x11  
  137  11:04  Overseer  
  147  11:08  Drone x7  
  154  11:13  Roach x9  
  154  11:26  Hatchery  
  119  11:47  Hydralisk  
  119  11:48  Hydralisk x13  
  141  11:59  Zergling x8  
  145  12:15  Zergling x12  
  151  12:26  Spire  
  150  12:31  Grooved Spines  
  150  12:51  Baneling x16  
  146  12:52  Baneling x2  
  146  13:13  Drone x9  
  146  13:15  Overlord x4  
  146  13:17  Zergling x10  
  156  13:42  Muscular Augments  
  154  13:58  Hydralisk x14  
  154  13:59  Hydralisk  
  184  14:12  Queen  
  184  14:13  Zergling x6  
  184  14:14  Zergling x2  
  188  14:39  Extractor x2  
Tags
 
Add a new tag
Caveats
  • Supply blocks, unpowered buildings, or Contaminate may cause inaccurate times.
  • Supply counts are checked every 10 seconds.